Map: Frost LE

Players

Kelazhur

  • Race: Terran Terran

viOLet - Winner!

  • Race: Zerg Zerg

Event: 2016 WCS Summer Circuit Championship (DH Montreal)

VOD

Have the link to the VOD?

Description

Time

  • Played on: Aug. 12, 2016, 7:10 p.m.
  • Length: 3:43

All games in this series

Show
View Real Time Build Order
Export as new Build Order

Kelazhur Terran 

Build Orders:  

Get SALT Encoding   

  12  0:00  SCV  
  13  0:12  SCV  
  14  0:17  Supply Depot  
  14  0:25  SCV  
  15  0:39  SCV  
  16  0:44  Barracks  
  16  0:54  Barracks  
  16  1:07  Barracks  
  16  1:19  Barracks  
  16  1:31  Marine  
  17  1:41  Marine  
  17  1:45  Supply Depot  
  18  1:48  Marine  
  19  1:54  Marine  
  19  2:00  Marine  
  21  2:06  Marine x2  
  23  2:12  Marine  
  24  2:18  Marine  
  25  2:24  Marine x2  
  27  2:30  Marine  
  27  2:34  Supply Depot  
  27  2:37  Marine  
  28  2:42  Marine  
  30  2:47  Marine  
  31  2:56  Marine x2  
  33  3:01  Marine  
  34  3:08  Marine  
  35  3:14  Marine  
  35  3:16  Marine  
  37  3:20  Marine  
Show
View Real Time Build Order
Export as new Build Order

viOLet Zerg - Winner!

Build Orders: Hatch First 

Get SALT Encoding   

  12  0:01  Drone  
  13  0:12  Overlord  
  13  0:17  Drone  
  14  0:30  Drone x2  
  16  0:36  Drone  
  17  0:52  Hatchery  
  17  0:55  Drone  
  17  0:58  Drone  
  18  1:09  Extractor  
  17  1:13  Spawning Pool  
  17  1:16  Drone  
  17  1:20  Drone  
  18  1:28  Drone  
  19  1:39  Overlord  
  19  1:53  Drone  
  20  2:01  Queen  
  20  2:03  Zergling x2  
  20  2:04  Queen, Zergling x2  
  26  2:09  Metabolic Boost  
  26  2:17  Drone x2  
  28  2:28  Drone  
  29  2:31  Drone  
  30  2:37  Queen  
  30  2:39  Queen  
  30  2:43  Overlord  
  34  2:45  Overlord  
  34  2:54  Drone x2  
  36  3:03  Spine Crawler  
  36  3:04  Zergling x2  
  36  3:05  Zergling x4  
  38  3:09  Zergling x2  
  38  3:12  Zergling x6  
  42  3:16  Zergling x2  
  42  3:18  Zergling x2  
Tags
 
Add a new tag
Caveats
  • Supply blocks, unpowered buildings, or Contaminate may cause inaccurate times.
  • Supply counts are checked every 10 seconds.